 Dungeon Crawl Stone Soup version 0.29.1-4-g47bece8355 (webtiles) character file.

Game seed: 8403195324705507036

3543 GigaChad the Cleaver (level 9, -1/81 HPs)
             Began as a Minotaur Berserker on Dec 9, 2022.
             Was an Elder of Trog.
             Slain by an orc warrior
             ... wielding a +0 dire flail
              (4 damage)
             ... on level 8 of the Dungeon.
             The game lasted 00:10:00 (7754 turns).

GigaChad the Cleaver (Minotaur Berserker)           Turns: 7754, Time: 00:10:01

Health: -1/81      AC: 15    Str: 26    XL:     9   Next: 82%
Magic:  8/8        EV:  8    Int:  4    God:    Trog [****..]
Gold:   324        SH:  0    Dex: 16    Spells: 8/8 levels left

rFire   . . .      SeeInvis .   G - +0 war axe (freeze)
rCold   . . .      Faith    .   (no shield)
rNeg    . . .      Spirit   .   h - +0 plate armour
rPois   .          Reflect  .   (helmet restricted)
rElec   .          Harm     .   p - +0 cloak
rCorr   .          Rampage  .   (no gloves)
Will    .....                   (no boots)
Stlth   ..........              q - amulet of regeneration
HPRegen 1.03/turn               s - +6 ring of dexterity
MPRegen 0.11/turn               (no ring)

@: no status effects
A: horns 2, retaliatory headbutt
a: Renounce Religion, Berserk, Trog's Hand, Brothers in Arms


You were on level 8 of the Dungeon.
You worshipped Trog.
Trog was greatly pleased with you.
You visited 2 branches of the dungeon, and saw 9 of its levels.
You also visited: Ossuary.

You collected 324 gold pieces.

Inventory:

Hand Weapons
 a - a +0 falchion
 t - a +0 war axe
 G - a +0 war axe of freezing (weapon)
 I - a +3 scimitar
 L - a +2 great sword
Armour
 b - a +0 animal skin
 g - a +0 ring mail
 h - a +0 plate armour (worn)
 p - a +0 cloak (worn)
Jewellery
 n - a ring of willpower
 q - an amulet of regeneration (around neck)
 s - a +6 ring of dexterity (left hand)
 A - an amulet of the acrobat
 C - an amulet of reflection
Wands
 l - a wand of iceblast (7)
Scrolls
 d - 8 scrolls of identify {unknown}
 e - 4 scrolls of teleportation {unknown}
 i - a scroll of summoning {unknown}
 j - 2 scrolls of amnesia {unknown}
 k - a scroll of fear {unknown}
 o - 2 scrolls of vulnerability {unknown}
 r - a scroll of enchant armour {unknown}
 u - 2 scrolls of poison {unknown}
 x - 2 scrolls of blinking {unknown}
 y - 3 scrolls of fog {unknown}
 D - 2 scrolls of magic mapping {unknown}
 E - a scroll of enchant weapon {unknown}
Potions
 c - 2 potions of curing {unknown}
 f - 2 potions of attraction {unknown}
 m - 2 potions of might {unknown}
 v - 2 potions of haste {unknown}
 w - 3 potions of cancellation {unknown}
 z - a potion of resistance {unknown}
 B - 3 potions of invisibility {unknown}
 F - a potion of ambrosia {unknown}
 H - a potion of lignification {unknown}
 J - a potion of brilliance {unknown}
 K - a potion of berserk rage {unknown}


   Skills:
 + Level 7.8 Fighting
 + Level 5.1 Long Blades
 + Level 10.4 Axes
 + Level 9.0 Armour
 + Level 2.8 Dodging
 * Level 4.2 Stealth


You had 8 spell levels left.
You didn't know any spells.
Your spell library was empty.

Dungeon Overview and Level Annotations

Branches:
Dungeon (8/15)             Temple (1/1) D:7         Ossuary (visited)
   Lair: D:8-11

Altars:
Ashenzari
Elyvilon
Fedhas
Gozag
Hepliaklqana
Makhleb
Nemelex Xobeh
Okawaru
Qazlal
Ru
Trog
Uskayaw
Vehumet
Wu Jian
Yredelemnul
Zin
The Shining One

Annotations:
D:4 exclusion: statue


Innate Abilities, Weirdness & Mutations

You have a pair of horns on your head.
You reflexively headbutt those who attack you in melee.


Message History

The tengu conjurer casts a spell.
The tengu conjurer conjures a globe of magical energy!
A battlesphere comes into view.
Found a scroll labelled GOR EBIOKOREDD, a gold wand, 2 large rocks and a cloak.
The orc wizard casts a spell.
The orc wizard flickers and vanishes!
Deactivating autopickup; reactivate with Ctrl-A.
The orc warrior hits you but does no damage.
There is an open door here.
You hit the orc warrior but do no damage.
Your headbutt misses the orc warrior.
You hit the orc warrior but do no damage.
The orc warrior hits you with a +0 dire flail!
The orc warrior hits you with a +2 long sword of freezing!
The orc warrior freezes you.
The orc warrior attacks as you move away!
The orc warrior hits you with a +2 long sword of freezing.
The orc warrior freezes you.
The orc warrior hits you with a +0 dire flail.
The orc warrior zaps a wand.
You struggle to resist.
Unknown command.
The orc warrior zaps a wand.
Your mind is blasted!
* * * LOW HITPOINT WARNING * * *
The orc warrior hits you but does no damage.
The orc warrior hits you with a +0 dire flail.
* * * LOW HITPOINT WARNING * * *
There is a dry fountain here.
The orc warrior hits you with a +2 long sword of freezing!
* * * LOW HITPOINT WARNING * * *
The orc warrior freezes you.
* * * LOW HITPOINT WARNING * * *
The orc warrior closely misses you. You furiously retaliate!
You headbutt the orc warrior.
You hit the orc warrior but do no damage.
You closely miss the orc warrior.
The orc warrior zaps a wand.
Your mind is blasted!
* * * LOW HITPOINT WARNING * * *
The now-empty wand crumbles to dust.
The orc warrior hits you with a +0 dire flail.
You die...

#.).######..##.......#.###..#..#.
#................................
................#......#.#.).....
......#####.##....######.....#.#.
......# . #.......# #####...#.
.....## ..##.....<# #.##.. .....#
...########+#### #.##.. .....#
.... #.......# #..... .....#
[)... #@⌠...⌠.##+#####.. ######
/...lc##oo⌠....##.888##..
#}..*..J...⌠...#8....'...
?...QD##....⌠..##.888#... ##
(.... #.⌠.).⌠.##'#####.. .# ....
#.......#.[.# #.. .# ...
####'####..## #.. .#### ..
#....'.#.# #.. ....# . ##...#####
...


You could see a slime creature and 2 orc warriors.

Vanquished Creatures
  Sigmund (D:4)
  3 yaks (D:8)
  A wyvern (D:8)
  3 sky beasts
  5 orc warriors
  2 ogres
  A centaur (D:5)
  2 kobold brigands
  An elf zombie (Ossuary)
  3 scorpions
  6 wights
  A howler monkey (D:8)
  3 centaur zombies (Ossuary)
  4 hounds
  2 gnoll boudas
  2 human zombies (Ossuary)
  5 orc priests
  4 iguanas (D:6)
  9 orc wizards
  2 mummies (Ossuary)
  3 gnolls (D:4)
  7 adders
  An ufetubus (D:5)
  An adder zombie (Ossuary)
  A worm (D:4)
  2 dart slugs
  25 orcs
  6 bats
  6 endoplasms
  7 giant cockroaches
  6 hobgoblins
  10 kobolds
  4 quokkas
  5 ball pythons
  3 frilled lizards
  3 goblins
  A goblin zombie (Ossuary)
  6 hobgoblin zombies (Ossuary)
  3 jackal zombies (Ossuary)
  12 kobold zombies (Ossuary)
  8 orc zombies (Ossuary)
  5 rats
185 creatures vanquished.

Vanquished Creatures (others)
  A bush (D:5)
  20 plants
21 creatures vanquished.

Grand Total: 206 creatures vanquished

Notes
Turn   | Place    | Note
-------+----------+-------------------------------------------
     0 | D:1      | GigaChad the Minotaur Berserker began the quest for the
                  | Orb.
     0 | D:1      | Reached XP level 1. HP: 19/19 MP: 0/0
   267 | D:1      | Reached XP level 2. HP: 24/27 MP: 1/1
  1160 | D:2      | Found a faded altar of an unknown god.
  1240 | D:2      | Reached XP level 3. HP: 34/34 MP: 2/2
  1843 | D:2      | Reached ** piety under Trog
  2158 | D:3      | Reached XP level 4. HP: 41/41 MP: 3/3
  2785 | D:3      | Found a sacrificial altar of Ru.
  2785 | D:3      | Found a stormy altar of Qazlal.
  2912 | D:4      | Noticed a scorpion
  2921 | D:4      | Killed a scorpion
  2922 | D:4      | Reached XP level 5. HP: 47/47 MP: 4/4
  2993 | D:4      | Found a sand-covered staircase.
  3006 | D:4      | Reached skill level 5 in Fighting
  3006 | D:4      | Reached skill level 5 in Long Blades
  3006 | D:4      | Reached skill level 1 in Axes
  3074 | Ossuary  | Entered an ossuary
  3176 | Ossuary  | Reached skill level 2 in Axes
  3195 | Ossuary  | Reached XP level 6. HP: 56/56 MP: 5/5
  3205 | Ossuary  | Reached *** piety under Trog
  3206 | Ossuary  | Reached skill level 3 in Axes
  3263 | Ossuary  | Reached skill level 4 in Axes
  3444 | D:4      | Reached skill level 5 in Axes
  3444 | D:4      | Reached XP level 7. HP: 61/61 MP: 6/6
  3468 | D:4      | Found an opulent altar of Gozag.
  3819 | D:4      | Found a radiant altar of Vehumet.
  3833 | D:4      | Noticed Sigmund
  3867 | D:4      | Killed Sigmund
  3868 | D:4      | Reached skill level 6 in Axes
  3937 | D:4      | Reached skill level 5 in Armour
  4357 | D:4      | You fall into a shaft and drop 1 floor!
  4357 | D:5      | Entered Level 5 of the Dungeon
  4400 | D:5      | Reached skill level 7 in Axes
  4479 | D:5      | Found a blossoming altar of Fedhas.
  4561 | D:5      | Reached XP level 8. HP: 58/70 MP: 7/7
  4844 | D:6      | Found an ornate altar of the Wu Jian Council.
  5031 | D:6      | Reached skill level 1 in Stealth
  5134 | D:6      | Reached skill level 8 in Axes
  5424 | D:6      | Reached **** piety under Trog
  6239 | D:7      | Reached skill level 9 in Axes
  6245 | D:7      | Reached XP level 9. HP: 13/78 MP: 8/8
  6733 | D:7      | Found a staircase to the Ecumenical Temple.
  6747 | Temple   | Entered the Ecumenical Temple
  7565 | D:8      | Reached skill level 10 in Axes
  7744 | D:8      | Noticed a komodo dragon
  7745 | D:8      | Noticed a tengu conjurer
  7753 | D:8      | HP: 4/81 [orc warrior/+2 long sword of freezing (5)]
  7754 | D:8      | Slain by an orc warrior

Illustrated notes

Levels and vault maps discovered:
D:1:      dpeg_arrival_concentric_ovals, layout_basic, chequers_arboretum
D:2:      cheibrodos_old_hovel, layout_loops_ring,
          shapermc_ecumenical_altar_flowoftime
D:3:      layout_loops_corners, gammafunk_temple_overflow_statue
D:4:      layout_layer_cave, nicolae_gozag_cash_rules_everything_around_me,
          vehumet_statue, nicolae_ossuary_entry_ruins, uniq_sigmund
D:5:      layout_rooms, fedhas_altar_decomposition
D:6:      layout_gridville, mainiacjoe_overflow_alcove_1
D:7:      layout_gridville, minmay_temple_entry_drinking_statues,
          hangedman_decor_growths
D:8:      minmay_chambers_of_sevens, layout_basic, kennysheep_little_box,
          dreamdust_gnoll_shepherd
Temple:   cyrus_circular_temple

Skill      XL: |  1  2  3  4  5  6  7  8  9 |
---------------+----------------------------+-----
Fighting       | 4 5 6 7 |  7.8
Long Blades    | 4 5 |  5.1
Armour         | 3 4 5 7 9 |  9.0
Axes           | 2 5 7 9 10 | 10.4
Stealth        | 2 4 |  4.2
Dodging        | |  2.8

Action                   |  1- 3 |  4- 6 |  7- 9 || total
-------------------------+-------+-------+-------++-------
Melee: Falchion          |   103 |    11 |       ||   114
       Headbutt          |    22 |    29 |    50 ||   101
       War axe           |       |   120 |   214 ||   334
       Punch             |       |       |     3 ||     3
Armor: Animal skin       |     5 |       |       ||     5
       Plate armour      |    47 |    88 |   150 ||   285
       Ring mail         |     7 |       |       ||     7
Dodge: Dodged            |    60 |    50 |   105 ||   215
